Map: [ESL] Data-C

Players

Neeb

  • Race: Protoss Protoss
  • League: Master
  • Spawn Location: 9:00

Astrea - Winner!

  • Race: Protoss Protoss
  • League: Master
  • Spawn Location: 3:00

Event: HomeStory Cup XXI

VOD

Have the link to the VOD?

Description

Time

  • Played on: July 24, 2022, 8:26 a.m.
  • Length: 22:31

All games in this series

Show
View Real Time Build Order
Export as new Build Order

Neeb Protoss 

Build Orders: 1 Gate Expand, Blink Stalkers 

Get SALT Encoding   

  12  0:00  Probe  
  13  0:12  Probe  
  14  0:17  Pylon  
  14  0:24  Probe (Chrono Boost)  
  15  0:36  Probe (Chrono Boost)  
  15  0:38  Gateway  
  16  0:43  Probe (Chrono Boost)  
  16  0:47  Assimilator  
  17  0:51  Probe  
  18  1:03  Probe  
  19  1:15  Probe  
  20  1:24  Nexus  
  20  1:33  Cybernetics Core  
  20  1:37  Probe  
  21  1:41  Assimilator  
  21  1:49  Probe  
  21  1:51  Pylon  
  22  2:01  Probe (Chrono Boost)  
  23  2:07  Stalker (Chrono Boost)  
  23  2:10  Warp Gate  
  23  2:12  Probe (Chrono Boost)  
  26  2:16  Probe (Chrono Boost)  
  27  2:27  Probe  
  27  2:29  Stalker  
  30  2:37  Twilight Council, Probe (Chrono Boost)  
  32  2:46  Probe (Chrono Boost)  
  32  2:48  Probe (Chrono Boost)  
  32  2:53  Probe x2 (Chrono Boost)  
  34  3:00  Gateway  
  34  3:03  Probe  
  36  3:05  Probe (Chrono Boost)  
  36  3:08  Blink (Chrono Boost)  
  36  3:15  Probe (Chrono Boost)  
  38  3:20  Robotics Facility  
  38  3:23  Probe (Chrono Boost)  
  38  3:24  Probe (Chrono Boost)  
  39  3:29  Pylon, Probe x2 (Chrono Boost)  
  41  3:41  Probe x2, Shield Battery  
  43  3:50  Gateway x2  
  43  3:53  Probe  
  43  3:54  Probe  
  45  3:58  Stalker  
  45  4:01  Stalker  
  49  4:04  Assimilator  
  49  4:07  Observer, Probe  
  49  4:08  Probe  
  52  4:12  Pylon  
  52  4:24  Stalker  
  52  4:28  Nexus  
  54  4:34  Observer, Pylon  
  55  4:39  Stalker  
  55  4:45  Stalker  
  59  4:47  Pylon  
  59  4:50  Stalker  
  59  4:51  Probe  
  59  4:52  Probe  
  63  5:01  Stalker  
  63  5:03  Probe  
  63  5:05  Assimilator  
  63  5:06  Forge  
  67  5:10  Immortal (Chrono Boost)  
  70  5:18  Shield Battery  
  70  5:19  Probe x2  
  72  5:29  Stalker x2  
  72  5:31  Probe x2  
  78  5:41  Photon Cannon, Probe  
  79  5:43  Protoss Ground Weapons Level 1  
  79  5:44  Stalker x2  
  79  5:45  Probe  
  79  5:46  Probe  
  85  5:53  Probe  
  85  5:57  Observer, Probe  
  87  5:58  Probe  
  89  6:05  Stalker x2  
  89  6:10  Probe  
  91  6:11  Probe  
  91  6:17  Probe  
  89  6:22  Stalker x2  
  89  6:24  Probe  
  93  6:25  Probe  
  93  6:31  Charge (Chrono Boost), Probe  
  90  6:34  Stalker  
  90  6:36  Probe  
  90  6:38  Gateway  
  92  6:40  Gateway  
  92  6:42  Gateway  
  92  6:44  Probe  
  92  6:45  Pylon x2  
  93  6:47  Gateway  
  93  6:51  Pylon  
  93  6:59  Robotics Bay  
  93  7:02  Robotics Facility  
  93  7:03  Probe x2 (Chrono Boost)  
  93  7:04  Probe (Chrono Boost)  
  93  7:05  Sentry  
  93  7:07  Sentry  
  100  7:09  Assimilator x2  
  103  7:15  Probe (Chrono Boost)  
  103  7:16  Probe x2 (Chrono Boost)  
  103  7:19  Pylon  
  103  7:20  Pylon  
  103  7:21  Probe x2 (Chrono Boost)  
  105  7:23  Photon Cannon  
  105  7:28  Stalker x2  
  109  7:33  Pylon  
  110  7:37  Probe x2  
  110  7:40  Stalker  
  110  7:41  Stalker x2  
  117  7:48  Disruptor (Chrono Boost)  
  117  7:49  Disruptor (Chrono Boost)  
  123  7:54  Observer  
  123  7:59  Nexus  
  123  8:03  Photon Cannon, Shield Battery  
  123  8:05  Protoss Ground Weapons Level 2  
  123  8:22  Stalker x4, Disruptor  
  123  8:25  Disruptor  
  137  8:29  Pylon x2  
  137  8:32  Gravitic Boosters  
  137  8:34  Pylon  
  137  8:35  Nexus  
  137  8:38  Pylon  
  137  8:51  Stalker x5  
  147  8:57  Disruptor  
  147  8:59  Photon Cannon  
  147  9:01  Pylon, Probe x2  
  152  9:03  Probe  
  153  9:22  Probe x2  
  155  9:25  Dark Shrine, Photon Cannon  
  155  9:27  Disruptor, Shield Battery  
  158  9:33  Disruptor, Probe  
  158  9:37  Probe x2  
  164  9:42  Assimilator  
  164  9:45  Assimilator  
  164  9:50  Probe  
  165  9:54  Photon Cannon  
  165  9:58  Photon Cannon  
  165  10:01  Pylon  
  165  10:09  Stalker x3  
  165  10:10  Stalker x4  
  179  10:14  Stargate  
  179  10:17  Observer x2 (Chrono Boost)  
  179  10:21  Photon Cannon  
  181  10:23  Photon Cannon  
  181  10:24  Probe x3  
  181  10:26  Photon Cannon  
  184  10:29  Protoss Air Weapons Level 1  
  184  10:34  Pylon  
  184  10:36  Observer x2 (Chrono Boost)  
  186  10:44  Nexus  
  186  10:46  Photon Cannon, Pylon  
  179  10:52  Probe x2  
  181  10:58  Stalker  
  181  11:02  Probe  
  161  11:04  Probe  
  161  11:09  Stalker x4  
  161  11:10  Stalker x3  
  151  11:15  Nexus  
  151  11:16  Protoss Ground Weapons Level 3  
  147  11:18  Probe x2  
  147  11:23  Shadow Stride (Chrono Boost)  
  143  11:28  Fleet Beacon  
  143  11:33  Disruptor x2  
  140  11:42  Stalker x7  
  136  12:08  Nexus, Dark Templar x6  
  148  12:13  Probe (Chrono Boost)  
  152  12:16  Disruptor, Probe x2 (Chrono Boost)  
  152  12:19  Disruptor, Probe (Chrono Boost)  
  158  12:25  Probe (Chrono Boost)  
  160  12:30  Probe (Chrono Boost)  
  160  12:31  Probe (Chrono Boost)  
  147  12:44  Nexus  
  147  12:47  Pylon  
  147  12:51  Mothership (Chrono Boost)  
  139  12:52  Disruptor  
  149  12:59  Probe (Chrono Boost)  
  149  13:00  Dark Templar x3  
  155  13:06  Photon Cannon x2  
  155  13:07  Photon Cannon  
  155  13:08  Photon Cannon, Shield Battery x2  
  155  13:11  Observer  
  155  13:12  Probe x3  
  158  13:19  Assimilator  
  158  13:23  Assimilator  
  158  13:24  Stalker x5  
  158  13:29  Shield Battery  
  158  13:31  Disruptor x2 (Chrono Boost)  
  164  13:39  Photon Cannon  
  164  13:53  Stalker  
  164  13:54  Stalker x5  
  162  13:58  Disruptor x2 (Chrono Boost)  
  160  14:12  Dark Templar x2  
  160  14:15  Probe  
  149  14:33  Observer, Disruptor x2  
  149  14:34  Stalker x5  
  149  14:37  Dark Templar  
  138  14:53  Dark Templar x3  
  138  14:57  Stalker x4  
  151  15:00  Gateway x2  
  148  15:08  Disruptor (Chrono Boost)  
  152  15:14  Disruptor (Chrono Boost)  
  152  15:17  Pylon  
  152  15:19  Nexus  
  152  15:22  Dark Templar x4  
  160  15:32  Photon Cannon  
  160  15:35  Photon Cannon  
  160  15:37  Shield Battery  
  160  15:40  Disruptor (Chrono Boost)  
  160  15:42  Assimilator  
  163  15:46  Observer (Chrono Boost)  
  164  15:51  Probe x2  
  164  15:54  Photon Cannon  
  164  15:56  Shield Battery  
  164  16:06  Disruptor  
  164  16:10  Disruptor  
  167  16:14  Nexus  
  167  16:16  Stalker x6  
  171  16:26  Stalker x2  
  165  16:42  Dark Templar x4  
  165  16:43  Observer  
  170  17:00  Nexus  
  166  17:11  Stalker x4  
  174  17:19  Oracle  
  177  17:29  Mothership (Chrono Boost)  
  177  17:42  Stalker x6  
  181  17:56  Observer  
  181  17:58  Stalker x2  
  185  18:07  Stalker x3  
  185  18:08  Stalker x3, Assimilator  
  185  18:09  Pylon  
  196  18:17  Disruptor  
  195  18:41  Stalker x2  
  195  18:45  Pylon  
  195  18:46  Shield Battery  
  199  18:54  Photon Cannon  
  197  19:02  Observer  
  182  19:03  Stalker x4  
  182  19:04  Stalker x2, Probe x2  
  170  19:28  Stalker x6  
  178  19:32  Stalker x2  
  157  19:50  Disruptor x2 (Chrono Boost)  
  160  19:58  Zealot x8  
  176  20:08  Pylon  
  176  20:21  Disruptor (Chrono Boost), Zealot x8  
  176  20:22  Zealot x2  
  160  20:43  Dark Templar x2  
  160  20:44  Zealot x6  
  168  20:50  Dark Templar  
  168  20:51  Zealot  
  134  21:32  Zealot x4  
Show
View Real Time Build Order
Export as new Build Order

Astrea Protoss - Winner!

Build Orders: 1 Gate Expand, Phoenix Opening, Blink Stalkers 

Get SALT Encoding   

  12  0:00  Probe  
  13  0:12  Probe  
  14  0:19  Pylon  
  14  0:24  Probe (Chrono Boost)  
  15  0:37  Probe (Chrono Boost)  
  15  0:38  Gateway  
  16  0:46  Probe (Chrono Boost), Assimilator  
  17  0:51  Probe  
  18  1:03  Probe  
  19  1:16  Probe  
  20  1:23  Nexus  
  20  1:33  Cybernetics Core  
  20  1:37  Probe  
  21  1:42  Assimilator  
  21  1:49  Probe  
  21  1:53  Pylon  
  22  2:01  Probe  
  23  2:09  Stalker (Chrono Boost)  
  23  2:10  Warp Gate  
  23  2:13  Probe (Chrono Boost)  
  27  2:24  Probe (Chrono Boost)  
  27  2:28  Probe (Chrono Boost)  
  27  2:29  Twilight Council  
  30  2:38  Probe  
  30  2:39  Probe  
  29  2:48  Sentry  
  29  2:50  Probe (Chrono Boost)  
  32  2:54  Shield Battery  
  32  2:57  Probe (Chrono Boost)  
  33  3:00  Probe (Chrono Boost)  
  33  3:03  Blink (Chrono Boost)  
  33  3:05  Probe x2 (Chrono Boost)  
  36  3:16  Probe  
  36  3:17  Gateway  
  36  3:19  Probe  
  38  3:21  Phoenix  
  38  3:23  Shield Battery  
  38  3:28  Probe  
  38  3:31  Stalker, Probe  
  42  3:40  Probe, Robotics Facility  
  43  3:43  Probe  
  44  3:50  Pylon  
  44  3:52  Probe  
  44  3:55  Probe  
  46  4:00  Pylon  
  46  4:06  Assimilator  
  46  4:08  Pylon, Probe x2  
  48  4:15  Stalker x2  
  52  4:20  Probe  
  52  4:24  Pylon, Warp Prism (Chrono Boost)  
  55  4:33  Dark Shrine  
  55  4:39  Stalker x2  
  55  4:43  Probe  
  60  4:49  Pylon  
  60  4:52  Immortal (Chrono Boost)  
  64  5:01  Stalker  
  64  5:02  Stalker  
  68  5:12  Nexus  
  68  5:24  Observer (Chrono Boost), Pylon  
  68  5:28  Probe x2  
  71  5:29  Pylon  
  71  5:40  Probe x2  
  73  5:45  Dark Templar  
  73  5:47  Stalker  
  77  5:52  Probe x2  
  77  5:54  Gateway  
  77  5:55  Gateway  
  79  6:01  Shield Battery  
  79  6:04  Probe x2  
  79  6:05  Forge  
  81  6:16  Probe  
  78  6:19  Probe  
  78  6:24  Probe  
  74  6:28  Probe  
  74  6:31  Probe, Shadow Stride (Chrono Boost)  
  70  6:33  Protoss Ground Weapons Level 1 (Chrono Boost)  
  70  6:34  Stalker x2  
  70  6:36  Probe  
  75  6:40  Probe  
  75  6:43  Probe  
  75  6:44  Assimilator  
  77  6:48  Photon Cannon, Probe  
  77  6:49  Gateway  
  77  6:51  Stalker x2, Gateway  
  77  6:52  Probe  
  83  6:55  Probe  
  83  6:59  Dark Templar  
  83  7:00  Probe  
  87  7:02  Stalker  
  87  7:04  Probe  
  90  7:09  Probe  
  90  7:13  Pylon  
  91  7:15  Nexus  
  91  7:17  Stalker x2  
  91  7:19  Probe x2  
  91  7:21  Assimilator  
  97  7:28  Dark Templar  
  99  7:31  Pylon  
  99  7:32  Dark Templar  
  99  7:34  Probe x2  
  103  7:38  Probe  
  103  7:41  Photon Cannon  
  103  7:43  Stalker x2  
  108  7:45  Stalker, Shield Battery  
  108  7:46  Pylon  
  108  7:50  Probe  
  111  7:54  Stalker  
  111  7:55  Probe  
  111  7:56  Probe  
  115  8:02  Stalker, Probe  
  115  8:05  Stalker  
  120  8:06  Stalker  
  120  8:08  Probe  
  120  8:09  Probe  
  124  8:15  Probe  
  124  8:16  Observer (Chrono Boost)  
  123  8:20  Probe  
  123  8:21  Probe  
  123  8:24  Protoss Ground Weapons Level 2 (Chrono Boost)  
  125  8:27  Probe  
  125  8:28  Stalker  
  125  8:29  Stalker x4  
  125  8:30  Stalker  
  125  8:34  Probe  
  139  8:37  Probe x2, Assimilator x2  
  139  8:39  Assimilator  
  139  8:41  Photon Cannon  
  141  8:43  Pylon  
  139  8:53  Robotics Facility  
  139  8:55  Robotics Bay  
  139  8:57  Observer (Chrono Boost)  
  139  9:00  Charge (Chrono Boost)  
  140  9:03  Pylon  
  140  9:04  Zealot x4  
  140  9:07  Pylon  
  140  9:09  Pylon  
  148  9:12  Photon Cannon  
  148  9:25  Gateway  
  148  9:27  Gateway  
  148  9:28  Dark Templar  
  148  9:30  Nexus  
  148  9:31  Gateway x2  
  150  9:39  Disruptor (Chrono Boost)  
  150  9:41  Disruptor (Chrono Boost)  
  150  9:42  Photon Cannon, Pylon  
  150  9:43  Gravitic Boosters  
  156  9:47  Pylon  
  155  10:04  Disruptor (Chrono Boost)  
  155  10:06  Stalker x6  
  170  10:09  Photon Cannon x2  
  170  10:11  Pylon  
  170  10:12  Disruptor (Chrono Boost)  
  173  10:15  Shield Battery  
  173  10:25  Gateway x2  
  171  10:33  Disruptor  
  170  10:43  Disruptor  
  169  10:50  Zealot x8  
  169  10:51  Zealot x2  
  171  11:08  Disruptor (Chrono Boost)  
  140  11:19  Disruptor (Chrono Boost), Probe  
  140  11:20  Stalker x2  
  140  11:21  Stalker x10  
  162  11:28  Probe x3  
  162  11:29  Probe  
  162  11:31  Probe  
  167  11:33  Protoss Shields Level 1  
  160  11:40  Probe  
  160  11:41  Disruptor (Chrono Boost)  
  162  11:48  Probe x2  
  162  11:50  Gateway x2  
  162  11:51  Observer (Chrono Boost)  
  141  12:03  Stalker x9, Disruptor (Chrono Boost)  
  158  12:09  Disruptor (Chrono Boost)  
  158  12:12  Dark Templar x3  
  158  12:15  Probe  
  168  12:26  Stalker x3  
  174  12:30  Nexus  
  174  12:32  Observer  
  174  12:36  Zealot x3  
  174  12:37  Zealot x3  
  171  12:57  Photon Cannon  
  171  12:58  Photon Cannon  
  177  13:02  Observer x2 (Chrono Boost)  
  173  13:09  Photon Cannon  
  173  13:10  Photon Cannon, Dark Templar x7  
  173  13:12  Zealot x5  
  195  13:14  Pylon  
  195  13:19  Photon Cannon  
  189  13:30  Stalker x2  
  193  13:36  Photon Cannon x2  
  193  13:40  Shield Battery  
  193  13:42  Photon Cannon  
  193  13:43  Disruptor x2, Photon Cannon  
  193  13:45  Pylon  
  199  13:55  Observer  
  192  13:56  Stalker x4  
  190  14:12  Stalker x8  
  168  14:53  Stalker x12  
  168  14:54  Stalker x2  
  168  14:58  Protoss Ground Weapons Level 3 (Chrono Boost)  
  196  15:06  Observer  
  188  15:08  Observer x2  
  188  15:10  Stargate  
  188  15:22  Dark Templar  
  188  15:23  Dark Templar x4  
  198  15:32  Nexus, Assimilator  
  198  15:34  Assimilator  
  198  15:36  Gateway  
  198  15:38  Gateway  
  198  15:41  Zealot x2  
  199  15:43  Gravitic Drive (Chrono Boost)  
  199  15:47  Gateway  
  199  15:50  Gateway  
  199  15:53  Observer (Chrono Boost)  
  199  15:54  Pylon, Gateway  
  199  15:56  Gateway  
  200  15:58  Stalker  
  200  16:02  Zealot x2  
  196  16:10  Disruptor (Chrono Boost)  
  181  16:11  Disruptor (Chrono Boost)  
  181  16:17  Zealot x4  
  173  16:31  Stalker x11  
  187  16:39  Photon Cannon  
  187  16:41  Photon Cannon  
  187  16:43  Zealot x3  
  187  16:44  Zealot x3  
  199  16:59  Pylon  
  199  17:07  Oracle (Chrono Boost)  
  175  17:11  Zealot x2  
  175  17:12  Zealot x9  
  200  17:23  Robotics Facility  
  200  17:25  Robotics Facility  
  192  17:32  Observer x2  
  192  17:36  Pylon  
  192  17:43  Zealot x8  
  167  17:52  Zealot x12  
  182  18:03  Disruptor x2 (Chrono Boost)  
  193  18:20  Disruptor x2 (Chrono Boost)  
  193  18:21  Stalker  
  193  18:22  Stalker x2  
  189  18:28  Photon Cannon  
  189  18:29  Photon Cannon  
  189  18:32  Photon Cannon  
  189  18:33  Photon Cannon  
  179  18:35  Disruptor x2, Shield Battery, Assimilator  
  179  18:36  Shield Battery  
  179  18:39  Assimilator  
  172  18:42  Dark Templar x4  
  172  18:44  Zealot x3  
  172  18:45  Zealot x2  
  190  18:55  Disruptor x2  
  184  19:11  Disruptor  
  184  19:15  Zealot x6  
  184  19:16  Zealot  
  156  19:47  Observer (Chrono Boost)  
  156  19:49  Zealot x19  
  156  19:50  Zealot  
  156  19:51  Oracle  
  196  19:54  Assimilator  
  196  19:56  Assimilator  
  196  19:57  Probe x2  
  198  20:05  Nexus  
  197  20:07  Observer (Chrono Boost)  
  197  20:13  Pylon  
  197  20:14  Observer (Chrono Boost)  
  197  20:20  Dark Templar  
  175  20:45  Disruptor  
  176  20:50  Dark Templar  
  178  20:58  Stalker x7  
  178  20:59  Stalker x5  
  183  21:13  Disruptor  
  154  21:42  Zealot x4  
  154  21:43  Zealot x12  
  186  21:51  Observer (Chrono Boost)  
  186  21:52  Nexus  
  184  21:59  Gateway  
  184  22:00  Gateway  
  173  22:14  Dark Templar  
  173  22:15  Dark Templar x3  
Tags
 
Add a new tag
Caveats
  • Supply blocks, unpowered buildings, or Contaminate may cause inaccurate times.
  • Supply counts are checked every 10 seconds.